 Dungeon Crawl Stone Soup version 0.25-a0-447-gff83419037 (webtiles) character file.

Game seed: 12282972881347546149, levelgen mode: deterministic

6366 Nattfarinn the Fighter (level 10, -2/136 HPs)
             Began as a Hill Orc Fire Elementalist on Jan 31, 2020.
             Was a High Priest of Okawaru.
             Slain by a two-headed ogre
             ... wielding a +0 giant spiked club
              (18 damage)
             ... on level 9 of the Dungeon.
             The game lasted 00:27:35 (9705 turns).

Nattfarinn the Fighter (Hill Orc Fire Elementalist) Turns: 9705, Time: 00:27:36

Health: -2/136     AC: 19    Str: 17 (20) XL:     10   Next: 97%
Magic:  11/12      EV: 11    Int: 16 (18) God:    Okawaru [*****.]
Gold:   426        SH:  5    Dex:  8 (9)  Spells: 6/12 levels left

rFire    . . .     SeeInvis .   i - +3 trident of Qavap {pain, rPois rC+ Str+3 Dex-2}
rCold    + + .     Gourm    .   d - +1 buckler
rNeg     . . .     Faith    .   D - +4 ring mail {rC+}
rPois    +         Spirit   .   (no helmet)
rElec    .         Reflect  .   y - +0 cloak
rCorr    .         Harm     .   r - +0 pair of gloves
MR       .....                  n - +0 pair of boots
Stlth    ..........             m - amulet of rage
HPRegen  0.32/turn              I - +4 ring of protection
MPRegen  0.13/turn              x - ring of flight

@: berserking, starving, very quick
A: no striking features
a: Heroism, Finesse, Renounce Religion, Evoke Berserk Rage, Evoke Flight


You were on level 9 of the Dungeon.
You worshipped Okawaru.
Okawaru was extremely pleased with you.
You were starving.

You visited 1 branch of the dungeon, and saw 9 of its levels.

You collected 426 gold pieces.

Inventory:

Hand Weapons
 b - a +2 dagger of draining
 i - the +3 trident of Qavap (weapon) {pain, rPois rC+ Str+3 Dex-2}
   (You found it on level 8 of the Dungeon)

   In the hands of one skilled in necromantic magic, it inflicts extra damage on
   living creatures.
   It affects your strength (+3).
   It affects your dexterity (-2).
   It protects you from cold.
   It protects you from poison.
 C - a +2 vorpal dire flail
Armour
 d - a +1 buckler (worn)
 n - a +0 pair of boots (worn)
 r - a +0 pair of gloves (worn)
 y - a +0 cloak (worn)
 D - a +4 ring mail of cold resistance (worn)
Jewellery
 e - an uncursed amulet of guardian spirit
 g - an uncursed ring of protection from cold
 m - an amulet of rage (around neck)
 x - a ring of flight (right hand)
 I - a +4 ring of protection (left hand)
Wands
 H - a wand of iceblast (7)
 J - a wand of disintegration (19)
 K - a wand of acid (10)
Scrolls
 a - 2 scrolls of holy word {unknown}
 h - 2 scrolls of blinking
 l - 5 scrolls of remove curse
 o - 2 scrolls of acquirement {unknown}
 s - 4 scrolls of amnesia
 u - 13 scrolls of identify
 v - 3 scrolls of teleportation
 E - 2 scrolls of fear
 F - a scroll of noise {unknown}
Potions
 f - a potion of curing
 p - a potion of brilliance {unknown}
 q - a potion of degeneration
 t - a potion of lignification
 w - a potion of agility {unknown}
 z - a potion of berserk rage {unknown}
 A - a potion of magic {unknown}
 B - a potion of mutation {unknown}
 G - a potion of cancellation {unknown}
Comestibles
 c - 20 rations


   Skills:
 + Level 9.1 Fighting
 + Level 8.4 Armour
 - Level 1.6 Dodging
 - Level 1.6 Stealth
 - Level 4.0 Shields
 - Level 1.6 Spellcasting
 * Level 8.4 Conjurations
 + Level 9.1 Fire Magic


You had 6 spell levels left.
You knew the following spells:

 Your Spells              Type           Power        Failure   Level  Hunger
a - Foxfire               Conj/Fire      ####         1%          1    ##.....
b - Fireball              Conj/Fire      ####......   28%         5    ######.

Your spell library contained the following spells:

 Spells                   Type           Power        Failure   Level  Hunger
 Magic Dart               Conj           ####         1%          1    ##.....
 Conjure Flame            Conj/Fire      ####....     3%          3    ####...
 Sticky Flame             Conj/Fire      ####....     10%         4    #####..
 Inner Flame              Hex/Fire       ###.....     17%         3    ####...
 Mephitic Cloud           Conj/Pois/Air  ##......     34%         3    ####...
 Blink                    Tloc           N/A          50%         2    ###....
 Call Imp                 Summ           #.......     50%         2    ###....
 Slow                     Hex            #.......     50%         2    ###....


Dungeon Overview and Level Annotations

Branches:
Dungeon (9/15)             Temple (0/1) D:7
   Lair: D:8-11         Orc: D:9-12

Altars:
Ashenzari
Cheibriados
Dithmenos
Fedhas
Gozag
Kikubaaqudgha
Nemelex Xobeh
Okawaru
Uskayaw
Vehumet
Xom
Yredelemnul
The Shining One

Shops:
D:6 }**::


Message History

You closely miss the two-headed ogre.
The two-headed ogre is lightly wounded.
The crimson imp blinks!
You closely miss the two-headed ogre.
The two-headed ogre is lightly wounded.
The two-headed ogre hits you with a +0 giant spiked club!
* * * LOW HITPOINT WARNING * * *
The two-headed ogre closely misses you.
The crimson imp blinks!
You barely miss the two-headed ogre.
The two-headed ogre is lightly wounded.
The two-headed ogre hits you with a +0 giant spiked club!
* * * LOW HITPOINT WARNING * * *
The two-headed ogre barely misses you.
You hit the two-headed ogre.
The two-headed ogre is lightly wounded.
You feel like a meek peon again.
You hit the two-headed ogre.
The two-headed ogre is lightly wounded.
The two-headed ogre hits you with a +0 giant spiked club!!
You die...

.._..........
.P.......#
......# #.5.#
#o# #h# #C#
########O#######
#......(@.......
#.####.....#####
##.#####...##
..........##
##.#####..#
#.#####..#
#........#
########.# #.#


You could see a two-headed ogre, a cyclops, a hound, a crimson imp and an orc.

Vanquished Creatures
  A hydra (D:8)
  A two-headed ogre (D:7)
  A komodo dragon (D:9)
  2 dream sheep (D:8)
  8 yaks
  A vampire mosquito (D:9)
  Edmund (D:4)
  3 orc warriors
  A sky beast (D:8)
  2 ice beasts
  3 black bears
  2 phantoms
  2 centaurs
  An ogre (D:4)
  3 bullfrogs
  3 big kobolds (D:8)
  2 scorpions
  4 killer bees (D:9)
  A vampire bat (D:2)
  6 howler monkeys
  2 bullfrog zombies
  A centaur zombie (D:4)
  2 orc priests
  5 hounds
  A centaur skeleton (D:4)
  A jelly (D:6)
  6 orc wizards
  A bullfrog skeleton (D:6)
  Jessica (D:2)
  An iguana (D:6)
  A worker ant (D:4)
  A killer bee zombie (D:3)
  A hound zombie (D:7)
  3 hound skeletons
  3 worker ant zombies
  A howler monkey skeleton (D:7)
  5 adders
  A shadow imp (D:7)
  5 worms
  3 dart slugs
  5 leopard geckos
  18 orcs
  4 bat skeletons (D:2)
  3 giant cockroaches
  3 goblins
  10 hobgoblins
  9 jackals
  4 quokkas
  A ball python (D:3)
  4 bats (D:1)
  8 frilled lizards
  6 kobolds (D:1)
  2 leopard gecko skeletons
  A quokka skeleton (D:4)
  3 rats
174 creatures vanquished.

Vanquished Creatures (others)
  158 foxfires
158 creatures vanquished.

Grand Total: 332 creatures vanquished

Notes
Turn   | Place    | Note
-------+----------+-------------------------------------------
     0 | D:1      | Nattfarinn the Hill Orc Fire Elementalist began the quest
                  | for the Orb.
     0 | D:1      | Reached XP level 1. HP: 14/14 MP: 3/3
   430 | D:1      | Reached XP level 2. HP: 19/22 MP: 2/4
   462 | D:1      | Reached skill level 1 in Shields
   781 | D:1      | Reached skill level 1 in Fighting
   781 | D:1      | Reached XP level 3. HP: 21/28 MP: 5/5
   816 | D:1      | Reached skill level 1 in Armour
  1671 | D:2      | Found an ancient bone altar of Kikubaaqudgha.
  1691 | D:2      | Reached XP level 4. HP: 29/35 MP: 6/6
  2167 | D:2      | Noticed Jessica
  2175 | D:2      | Killed Jessica
  2175 | D:2      | Reached XP level 5. HP: 40/41 MP: 4/7
  2817 | D:3      | Reached XP level 6. HP: 50/50 MP: 3/8
  3732 | D:4      | Found a hide-covered altar of Uskayaw.
  4090 | D:4      | Found a shadowy altar of Dithmenos.
  4283 | D:4      | Noticed Edmund
  4400 | D:4      | Killed Edmund
  4400 | D:4      | Reached XP level 7. HP: 47/57 MP: 5/9
  4438 | D:4      | Found an iron altar of Okawaru.
  4479 | D:4      | Reached skill level 5 in Fire Magic
  4495 | D:4      | Found a blossoming altar of Fedhas.
  4814 | D:5      | Entered Level 5 of the Dungeon
  4978 | D:5      | Found a glowing golden altar of the Shining One.
  5337 | D:6      | Found Ipeatock's Assorted Antiques.
  5379 | D:6      | Found Xibawk's Assorted Antiques.
  5481 | D:6      | Reached skill level 5 in Fighting
  5481 | D:6      | Reached XP level 8. HP: 68/68 MP: 10/10
  5528 | D:6      | Found Zuqaumakh's Gadget Shop.
  5615 | D:6      | Found a sparkling altar of Nemelex Xobeh.
  5615 | D:6      | Found a radiant altar of Vehumet.
  5620 | D:6      | Found a faded altar of an unknown god.
  5622 | D:6      | Found an opulent altar of Gozag.
  5624 | D:6      | Found a snail-covered altar of Cheibriados.
  5678 | D:6      | Found Oloaf's Book Boutique.
  5752 | D:4      | Became a worshipper of Warmaster Okawaru
  5829 | D:6      | Reached skill level 5 in Armour
  5953 | D:6      | Found Qohaij's Book Shop.
  5979 | D:6      | Found a shattered altar of Ashenzari.
  6351 | D:7      | Found a staircase to the Ecumenical Temple.
  6411 | D:7      | Reached * piety under Okawaru
  6764 | D:7      | Noticed a two-headed ogre
  6777 | D:6      | Reached XP level 9. HP: 78/78 MP: 9/11
  7175 | D:7      | Killed a two-headed ogre
  7175 | D:7      | Reached ** piety under Okawaru
  7175 | D:7      | Reached skill level 5 in Conjurations
  7454 | D:8      | Reached *** piety under Okawaru
  8215 | D:8      | Reached XP level 10. HP: 88/88 MP: 12/12
  8266 | D:8      | Got a shimmering trident
  8267 | D:8      | Identified the +3 trident of Qavap {pain, rPois rC+ Str+3
                  | Dex-2} (You found it on level 8 of the Dungeon)
  8292 | D:8      | Noticed a two-headed hydra
  8304 | D:8      | Killed a two-headed hydra
  8304 | D:8      | Reached **** piety under Okawaru
  8562 | D:8      | Learned a level 5 spell: Fireball
  9322 | D:9      | Found a shimmering altar of Xom.
  9634 | D:9      | Found a basalt altar of Yredelemnul.
  9634 | D:9      | Noticed a two-headed ogre
  9654 | D:9      | Noticed a cyclops
  9655 | D:9      | Reached ***** piety under Okawaru
  9705 | D:9      | Slain by a two-headed ogre

Levels and vault maps discovered:
D:1:      dpeg_arrival_yet_another_circle, layout_basic
D:2:      layout_basic, kennysheep_vampire_church, first_ration, uniq_jessica
D:3:      layout_basic
D:4:      layout_basic, eat_drink_and_be_merry_uskayaw, okawaru_metal_pillars_3,
          fedhas_altar_1, minmay_crystal_room,
          nicolae_dithmenos_through_a_glass_darkly, uniq_edmund
D:5:      layout_cave_pools, basic_altar
D:6:      layout_basic, ashenzari_conservatory_becter,
          chequers_temple_overflow_minitemple, serial_shops, shop,
          nicolae_shop_waterfront, shop, shop_fountains,
          nicolae_shop_overgrown_old_shop
D:7:      layout_loops_ring, nicolae_overflow_hidden_temple,
          minmay_temple_entry_sparse_star
D:8:      layout_gridville, hangedman_ranch [blue_anna_fruit_fields]
D:9:      layout_loops_corners, lemuel_crystal_altar, yredelemnul_altar_generic,
          erik_orc_2, jmf_multi_god_temple2

Skill      XL: |  1  2  3  4  5  6  7  8  9 10 |
---------------+-------------------------------+-----
Shields        | 1 2 3 4 |  4.0
Fighting       | 1 2 3 5 6 7 9 |  9.1
Armour         | 1 2 3 4 6 7 8 |  8.4
Fire Magic     | 4 5 6 8 9 |  9.1
Conjurations   | 3 6 8 |  8.4
Dodging        | |  1.6
Stealth        | |  1.6
Spellcasting   | |  1.6

Action                   |  1- 3 |  4- 6 |  7- 9 | 10-12 || total
-------------------------+-------+-------+-------+-------++-------
Melee: Dagger            |    93 |   174 |   565 |    38 ||   870
       Unarmed           |     7 |       |       |       ||     7
       Trident           |       |       |       |   195 ||   195
 Cast: Foxfire           |    23 |    51 |    16 |     7 ||    97
Invok: Heroism           |       |       |       |     2 ||     2
 Abil: Evoke Berserk Rag |       |       |     3 |     6 ||     9
  Use: Scroll            |     3 |     4 |     2 |       ||     9
       Potion            |       |       |     3 |     5 ||     8
 Stab: Sleeping          |     1 |     3 |     1 |       ||     5
  Eat: Ration            |     1 |       |     1 |     2 ||     4
       Chunk             |       |     8 |    13 |     3 ||    24
Armor: Robe              |    30 |    26 |       |       ||    56
       Leather armour    |       |     7 |       |       ||     7
       Ring mail         |       |       |   288 |   151 ||   439
       Skin              |       |       |    64 |       ||    64
Dodge: Dodged            |    88 |   105 |   250 |   150 ||   593
Block: Buckler           |    12 |    15 |   141 |    83 ||   251

Table legend:
 A = Non-vault XP
 B = Vault XP
 C = Vault XP percentage of total XP
 D = Non-vault monster count
 E = Vault monster count
 F = Vault count percentage of total count
                 A         B        C        D         E       F
            +---------+---------+-------+---------+---------+-------
      Total |    5882 |    3213 |  35.3 |     153 |      21 |  12.1
            +---------+---------+-------+---------+---------+-------
        D:1 |      38 |       0 |   0.0 |      23 |       0 |   0.0
        D:2 |      49 |     102 |  67.5 |       9 |       6 |  40.0
        D:3 |     165 |       0 |   0.0 |      21 |       0 |   0.0
        D:4 |     401 |     145 |  26.6 |      12 |       1 |   7.7
        D:5 |      86 |       0 |   0.0 |       8 |       0 |   0.0
        D:6 |     743 |       0 |   0.0 |      19 |       0 |   0.0
        D:7 |    2253 |       0 |   0.0 |      34 |       0 |   0.0
        D:8 |     506 |    2185 |  81.2 |      10 |       8 |  44.4
        D:9 |    1641 |     781 |  32.2 |      17 |       6 |  26.1
            +---------+---------+-------+---------+---------+-------
